Unix NetHack Version 3.7.0-58 Work-in-progress - last build May 9 2022 01:57:28 (68cf6e19034123fb635188453c0de67a0aba65fd,branch:master). Game began 2022-05-10 00:00:23, ended 2022-05-10 00:41:05. Arasaka, neutral male gnomish Healer ... ..... ...u... ...@Z.-- --- --.%...-------... |......../....--- --....---......... |....| |.....<.- --.--- --.-...-- --- |. ...- .. Arasaka the Empiric St:9 Dx:11 Co:14 In:10 Wi:14 Ch:17 Neutral Dlvl:9 $:346 HP:0(36) Pw:35(35) AC:4 Xp:4/91 T:3193 Latest messages: What do you want to use or apply? [cfgkmnsyz or ?*] You put a scroll labeled DAIYEN FOOELS into the bag called BoH. Please move the cursor to an unknown object. (For instructions type a '?') What do you want to write with? [- akD or ?*] You write in the dust with your fingertip. The jaguar hits! The jaguar hits! The jaguar bites! The jaguar hits! The jaguar just misses! The jaguar just misses! What do you want to write with? [- akD or ?*] Do you want to add to the current engraving? [ynq] (y) You wipe out the message that was written in the dust here. You write in the dust with your fingertip. The jaguar turns to flee. The ape hits! The ape hits! The ape misses! What do you want to write with? [- akD or ?*] You write in the dust with your fingertip. Something is written here in the dust. You read: "Elaeaeth". You see no objects here. What do you want to write with? [- akD or ?*] Do you want to add to the current engraving? [ynq] (y) You wipe out the message that was written in the dust here. You write in the dust with your fingertip. Never mind. You don't have anything to zap. What do you want to use or apply? [cfgkmnsyz or ?*] Improvise? [ynq] (q) Never mind. What do you want to use or apply? [cfgkmnsyz or ?*] Improvise? [ynq] (q) You start playing your fire horn. In what direction? A bolt of fire blasts out of the horn! You kill the ape! Welcome to experience level 4. The bolt of fire hits the jaguar! What do you want to write with? [- akD or ?*] You write in the dust with your fingertip. The jaguar is caught in a bear trap! The jaguar is killed! The white unicorn butts! The white unicorn kicks! The white unicorn butts! You die... Major events: Turn 1: Arasaka the neutral male gnomish Healer entered the dungeon 2179: entered the Gnomish Mines 2539: reached Mine Town 3031: attained the rank of Empiric (level 3) 3193: killed by a white unicorn Inventory: Coins ('$') $ - 346 gold pieces Weapons (')') D - an uncursed +1 orcish dagger named !C a - an uncursed +0 scalpel (weapon in hand) Armor ('[') b - an uncursed +1 pair of leather gloves (being worn) Comestibles ('%') G - an uncursed food ration Y - an uncursed food ration Q - an uncursed egg Tools ('(') z - an uncursed bag of holding containing 18 items m - an uncursed fire horn (0:3) g - an uncursed brass lantern (lit) y - an uncursed expensive camera (0:39) s - an uncursed leash f - an uncursed skeleton key c - an uncursed stethoscope n - an uncursed tin whistle k - an uncursed towel Contents of the bag of holding: an uncursed scroll of amnesia an uncursed scroll of fire a cursed scroll of identify an uncursed scroll of teleportation an uncursed spellbook of detect treasure a blessed spellbook of light 2 uncursed potions of extra healing a blessed potion of full healing an uncursed potion of full healing 4 uncursed potions of healing an uncursed potion of water an uncursed ring of fire resistance a cursed ring of hunger an uncursed wand of enlightenment (0:13) an uncursed wand of sleep (0:7) an uncursed +0 pick-axe an uncursed worthless piece of blue glass 2 uncursed worthless pieces of orange glass Arasaka the Healer's attributes: Background: You were an Empiric, a level 4 male gnomish Healer. You were neutral, on a mission for Hermes who was opposed by Athena (lawful) and Poseidon (chaotic). You were in the Gnomish Mines, on level 9. You entered the dungeon 3193 turns ago. It was the midnight hour. You had 91 experience points, 69 more were needed to attain level 5. Basics: You had 0 out of 36 hit points. You had all 35 energy points (spell power). Your armor class was 4. Your wallet contained 346 zorkmids. Autopickup was on for '$"?' plus thrown, with exceptions. Final Characteristics: Your strength was 9 (limit:18/50). Your dexterity was 11 (limit:18). Your constitution was 14 (limit:18). Your intelligence was 10 (limit:19). Your wisdom was 14 (limit:18). Your charisma was 17 (limit:18). Final Status: You were not hungry. You were unencumbered. You were wielding a knife. You had basic skill with knife. Final Attributes: You were piously aligned. You were poison resistant. You were telepathic. You had infravision. You had a small defense bonus (+4). You were warded. You are dead. Miscellaneous: You disabled loading of bones levels. Total elapsed playing time was 26 minutes and 42 seconds. Vanquished creatures: a shocking sphere a jaguar an ape a rock piercer 2 rock moles 2 gnome leaders a floating eye 3 dwarves a homunculus a kobold leader 2 giant bats 2 dwarf zombies a werejackal 2 iguanas an acid blob a gas spore 3 hobbits a large kobold a hobgoblin a cave spider 2 yellow molds 4 gnomes 6 jackals 2 foxes a kobold 5 goblins 4 sewer rats 4 grid bugs 4 lichens 3 kobold zombies 7 newts 71 creatures vanquished. No species were genocided or became extinct. Voluntary challenges: You read items or engraved 20 times. You engraved Elbereth 12 times. You never genocided any monsters. You never polymorphed an object. You used no wishes. Achievements: You entered a shop. You entered the Gnomish Mines. You entered Minetown. You entered a temple. You attained the rank of Empiric. The Dungeons of Doom: levels 1 to 5 Level 1: Some fountains. Level 2: "s" A shop. Level 3: "v" An altar, a sink. Level 4: A fountain. Stairs down to The Gnomish Mines. Level 5: The Gnomish Mines: levels 5 to 9 Level 5: Level 6: Level 7: Some shops, a temple, some fountains, some trees. Level 8: Level 9: <- You were here. Final resting place for you, killed by a white unicorn. Game over: ---------- / \ / REST \ / IN \ / PEACE \ / \ | Arasaka | | 346 Au | | killed by a | | white unicorn | | | | | | 2022 | *| * * * | * _________)/\\_//(\/(/\)/\//\/|_)_______ Goodbye Arasaka the Healer... You died in The Gnomish Mines on dungeon level 9 with 784 points, and 346 pieces of gold, after 3193 moves. You were level 4 with a maximum of 36 hit points when you died.